 Dungeon Crawl Stone Soup version 0.30.1-11-g7821555f0a (webtiles) character file.

Game seed: 18245132354599818906

347 SacredBeard the Purveyor of Pain (level 6, -1/44 HPs)
             Began as a Demonspawn Necromancer on Nov 4, 2023.
             Was an Initiate of Kikubaaqudgha.
             Succumbed to a hornet's poison
             ... on level 5 of the Dungeon.
             The game lasted 00:07:50 (3835 turns).

SacredBeard the Purveyor of Pain (DsNe)             Turns: 3835, Time: 00:07:50

Health: -1/44      AC: 11    Str:  9    XL:     6   Next: 33%
Magic:  10/10      EV: 12    Int: 16    God:    Kikubaaqudgha [......]
Gold:   297        SH:  0    Dex: 15    Spells: 9/10 levels left

rFire   + . .        p - +4 short sword
rCold   + . .        (no shield)
rNeg    . . .        a - +0 robe
rPois   .            (helmet restricted)
rElec   .            l - scarf {rC+ rF+}
rCorr   .            (no gloves)
SInv    .            (no boots)
Will    +....        (no amulet)
Stlth   ++           h - ring of willpower
HPRegen 0.27/turn    (no ring)
MPRegen 0.12/turn

%: no passive effects
@: lethally poisoned (-1 -> -5), sanguine armoured, slowed, very slow
A: horns 1, sanguine armour 2
a: Renounce Religion


You were on level 5 of the Dungeon.
You worshipped Kikubaaqudgha.
Kikubaaqudgha was noncommittal.
You visited 2 branches of the dungeon, and saw 6 of its levels.

You collected 297 gold pieces.

Inventory:

Hand Weapons
 p - a +4 short sword (weapon)
Missiles
 n - 8 poisoned darts
 s - 22 stones
 y - a throwing net
Armour
 a - a +0 robe (worn)
 l - a scarf of resistance (worn)
 o - a +0 cloak
Jewellery
 h - a ring of willpower (left hand)
 v - a ring of protection from cold
Wands
 m - a wand of iceblast (3)
Scrolls
 g - a scroll of teleportation
 i - 4 scrolls of identify
 j - a scroll of fear {unknown}
 q - 2 scrolls of poison {unknown}
 r - a scroll of enchant armour {unknown}
 t - 3 scrolls of vulnerability {unknown}
 u - a scroll of immolation {unknown}
Potions
 b - a potion of magic
 c - a potion of heal wounds
 d - 3 potions of flight
 e - 2 potions of brilliance {unknown}
 f - a potion of cancellation {unknown}
 k - 3 potions of attraction
 w - a potion of resistance {unknown}
 x - 2 potions of might {unknown}


   Skills:
 + Level 2.2 Fighting
 + Level 1.8 Armour
 + Level 2.6 Dodging
 + Level 2.9 Stealth
 + Level 2.9 Spellcasting
 * Level 5.9 Necromancy


You had 9 spell levels left.
You knew the following spells:

 Your Spells              Type           Power      Damage    Failure   Level
a - Necrotise             Necr           84%        1d8       1%          1

Your spell library contained the following spells:

 Spells                   Type           Power      Damage    Failure   Level
 Vampiric Draining        Necr           21%        2d7       4%          3
 Animate Dead             Necr           21%        N/A       17%         4
 Scorch                   Fire           4%         2d5       28%         2
 Agony                    Necr           21%        N/A       43%         5
 Flame Wave               Conj/Fire      2%         2d4       88%         4
 Summon Cactus Giant      Summ           1%         N/A       100%        6


Dungeon Overview and Level Annotations

Branches:
Dungeon (5/15) Zot: 26470  Temple (1/1) D:4 Zot: 5637

Altars:
Ashenzari
Cheibriados
Dithmenos
Fedhas
Gozag
Kikubaaqudgha
Makhleb
Nemelex Xobeh
Okawaru
Qazlal
Sif Muna
Trog
Uskayaw
Vehumet
Wu Jian
Xom
Yredelemnul

Annotations:
D:2 1 runed translucent door, Crazy Yiuf
D:3 Grinder


Innate Abilities, Weirdness & Mutations

You have a pair of small horns on your head.
When seriously injured, your blood forms thick armour. (AC +9)


Message History

Your surroundings seem slightly different.
The hornet attacks as you move away! The hornet barely misses you. x2
The hound attacks as you move away! The hound closely misses you.
The hornet stings you!
You feel yourself slow down.
The hornet stings you but does no damage.
The hound bites you. The hound misses you. The hornet stings you!
Your blood congeals into armour.
You feel as though you will be slow longer.
The hound bites you but does no damage. The hornet stings you!
* * * LOW HITPOINT WARNING * * *
You feel as though you will be slow longer.
The hound attacks as you move away! The hound bites you but does no damage.
The hornet attacks as you move away! The hornet barely misses you.
The hound bites you but does no damage. The hornet stings you.
* * * LOW HITPOINT WARNING * * *
You suddenly lose the ability to move!
The hound bites you but does no damage. The hornet stings you.
* * * LOW HITPOINT WARNING * * *
You are lethally poisoned!
You feel as though you will be slow longer.
The hound bites you.
* * * LOW HITPOINT WARNING * * *
The hornet stings you but does no damage.
* * * LOW HITPOINT WARNING * * *
You feel very sick. The hound bites you but does no damage.
The hornet stings you but does no damage.
You can move again.
Unknown command.
Unknown command.
Unknown command.
Unknown command.
Unknown command.
The sentinel's mark upon you fades away.
* * * LOW HITPOINT WARNING * * *
You feel sick. The hound misses you. The hornet completely misses you.
The hound closely misses you. The hornet barely misses you.
The hound barely misses you.
You die...
Kikubaaqudgha rasps: "You have failed me!
Welcome... death!"

....# #.# ####.....
....###.# .... ........#
.#. ........# #
+#.....## #.....#
########## ##.....#
#........#
.#.....########........#
..#....##......h@......#
..#....##......y......##
..#....##.............#
###....##......./.....#
.##....##..........####
.##................#
.'.......###.#.....#
.#.......# #?#....>#
.#.......# .#.....


You could see a hornet and a hound.

Vanquished Creatures
  A phantom (D:5)
  A scorpion (D:4)
  An orc priest (D:3)
  Jessica (D:2)
  A gnoll bouda (D:5)
  3 gnolls (D:5)
  An adder (D:2)
  A shadow imp (D:5)
  2 worms (D:2)
  4 dart slugs
  8 orcs
  5 ball pythons
  4 bats
  4 endoplasms
  3 giant cockroaches
  3 goblins
  5 hobgoblins
  5 jackals
  4 quokkas
  3 frilled lizards
  4 kobolds
  4 rats
68 creatures vanquished.

Notes
Turn   | Place    | Note
-------+----------+-------------------------------------------
     0 | D:1      | SacredBeard the Demonspawn Necromancer began the quest for
                  | the Orb.
     0 | D:1      | Reached XP level 1. HP: 13/13 MP: 3/3
   268 | D:1      | Gained mutation: When seriously injured, your blood forms
                  | armour. (AC +9) [demonic ancestry]
   268 | D:1      | Reached XP level 2. HP: 20/20 MP: 0/5
  1033 | D:2      | Gained mutation: When seriously injured, your blood forms
                  | thick armour. (AC +9) [demonic ancestry]
  1033 | D:2      | Reached XP level 3. HP: 14/25 MP: 6/6
  1193 | D:2      | Found a shimmering blue altar of Sif Muna.
  1252 | D:2      | Identified the +6 short sword of the Ecumenical Temple
                  | {freeze, *Corrode Int+5 Dex+3}
  1256 | D:2      | Reached skill level 1 in Fighting
  1327 | D:2      | Noticed Jessica
  1332 | D:2      | Killed Jessica
  1333 | D:2      | Reached skill level 1 in Armour
  1333 | D:2      | Reached skill level 5 in Necromancy
  1333 | D:2      | Gained mutation: You have a pair of small horns on your
                  | head. [demonic ancestry]
  1333 | D:2      | Reached XP level 4. HP: 32/32 MP: 3/7
  1350 | D:2      | Found a faded altar of an unknown god.
  1674 | D:2      | Found a runed translucent door.
  1852 | D:2      | Noticed Crazy Yiuf
  2288 | D:3      | Noticed Grinder
  2347 | D:4      | Reached XP level 5. HP: 37/37 MP: 8/8
  2355 | D:4      | Found a staircase to the Ecumenical Temple.
  2365 | Temple   | Entered the Ecumenical Temple
  2666 | Temple   | Became a worshipper of Kikubaaqudgha
  2950 | D:4      | HP: 1/38 [poisoned by a scorpion]
  3390 | D:5      | Entered Level 5 of the Dungeon
  3451 | D:5      | Noticed a phantom
  3468 | D:5      | Killed a phantom
  3469 | D:5      | Reached XP level 6. HP: 34/44 MP: 8/10
  3803 | D:5      | Noticed a hornet
  3831 | D:5      | Paralysed by a hornet for 3 turns
  3834 | D:5      | HP: 1/44 [poisoned by a hornet]
  3835 | D:5      | Succumbed to a hornet's poison

Illustrated notes

Levels and vault maps discovered:
D:1:      minmay_arrival_four_houses, layout_basic, roderic_serpentine_path
D:2:      layout_rooms, ebering_ecumenical_altar_mist, basic_altar,
          uniq_jessica, uniq_crazy_yiuf_cottage
D:3:      layout_loops_corners, uniq_grinder
D:4:      layout_basic, nicolae_overflow_hidden_temple,
          minmay_temple_entry_ruins, serial_glass, glass_columns_b,
          glass_columns_b, glass_columns_a, glass_columns_b, glass_columns_c,
          glass_columns_a, glass_columns_a, glass_columns_a, glass_columns_a,
          glass_columns_a, glass_columns_a, glass_columns_a, glass_columns_a,
          glass_columns_c, dk_noncrumbling_2
D:5:      cheibrodos_two_vegetables, layout_basic
Temple:   mainiacjoe_temple_cubbyholes

Skill      XL: |  1  2  3  4  5 |
---------------+----------------+-----
Dodging        | 2 |  2.6
Stealth        | 2 |  2.9
Fighting       | 1 2 |  2.2
Armour         | 1 |  1.8
Necromancy     | 5 |  5.9
Spellcasting   | |  2.9

Action                     |  1- 3 |  4- 6 || total
---------------------------+-------+-------++-------
  Melee: War axe           |    99 |    16 ||   115
         Punch             |     1 |     2 ||     3
         Short sword       |       |    88 ||    88
         Headbutt          |       |    12 ||    12
   Cast: Necrotise         |     9 |     9 ||    18
    Use: Potion            |       |     3 ||     3
         Scroll            |       |     3 ||     3
   Stab: Sleeping          |     7 |     2 ||     9
 Armour: Robe              |    26 |    29 ||    55
  Dodge: Dodged            |    76 |    76 ||   152
